 Dungeon Crawl Stone Soup version 0.19-a0-1494-gdfa627f (webtiles) character file.

152 JeffiDaFish the Firebug (level 5, -7/40 HPs)
             Began as a Draconian Fire Elementalist on Sept 9, 2016.
             Killed by divine providence
             ... invoked by an orc priest
              (13 damage)
             ... on level 3 of the Dungeon.
             The game lasted 00:22:14 (2329 turns).

JeffiDaFish the Firebug (DrFE)                      Turns: 2329, Time: 00:22:14

Health: -7/40      AC:  5    Str: 10    XL:     5   Next: 11%
Magic:  5/9        EV: 12    Int: 17    God:
Gold:   139        SH:  0    Dex: 11    Spells: 3 memorised, 4 levels left

rFire  . . .     SeeInvis .     h - +1 short sword
rCold  . . .     Gourm    .     (armour unavailable)
rNeg   . . .     Faith    .     (no shield)
rPois  .         Spirit   .     (helmet restricted)
rElec  .         Dismiss  .     (no cloak)
rCorr  .         Reflect  .     (no gloves)
MR     .....     Harm     .     (no boots)
Stlth  ++........               (no amulet)
                                (no ring)
                                (no ring)

@: very slightly contaminated
A: unfitting armour, wild magic 1, cold-blooded, AC +5
a: no special abilities


You were on level 3 of the Dungeon.
You were hungry.

You visited 1 branch of the dungeon, and saw 3 of its levels.

You collected 139 gold pieces.

Inventory:

Hand Weapons
 h - a +1 short sword (weapon)
 i - a +2 short sword of draining
Jewellery
 k - an uncursed amulet of faith {unknown}
Wands
 g - a wand of enslavement (11/24)
Scrolls
 d - 5 scrolls of identify
 j - a scroll of amnesia
 l - a scroll of teleportation
Potions
 e - a potion of beneficial mutation
 p - a potion of curing
Books
 a - a book of Flames

   Spells                             Type                      Level
   a - Flame Tongue                   Conjuration/Fire             1
   b - Throw Flame                    Conjuration/Fire             2
   c - Conjure Flame                  Conjuration/Fire             3
   d - Inner Flame                    Hexes/Fire                   3
   e - Sticky Flame                   Conjuration/Fire             4
   f - Fireball                       Conjuration/Fire             5
Comestibles
 b - 2 bread rations
 c - 2 meat rations
 o - 2 beef jerkies


   Skills:
 + Level 1.2 Fighting
 + Level 1.3 Short Blades
 * Level 2.7 Dodging
 + Level 2.5 Stealth
 * Level 3.0 Spellcasting
 + Level 1.2 Conjurations
 + Level 3.5 Fire Magic


You had 4 spell levels left.
You knew the following spells:

 Your Spells              Type           Power        Failure   Level  Hunger
a - Flame Tongue          Conj/Fire      ##...        14%         1    None
b - Throw Flame           Conj/Fire      ##....       17%         2    ##.....
c - Conjure Flame         Conj/Fire      ##......     28%         3    ###....


Dungeon Overview and Level Annotations

Branches:
Dungeon (3/15)

Altars:
Yredelemnul


Innate Abilities, Weirdness & Mutations

Your plain brown scales are hard. (AC +5)
Your body does not fit into most forms of armour.
You are cold-blooded and may be slowed by cold attacks.
Your spells are a little harder to cast, but a little more powerful.


Message History

Confirm with . or Enter, or press ? or * to list all spells.
Aiming: Flame Tongue
Press: ? - help, Shift-Dir - straight line, f/p - orc priest
Aim: an orc priest, wielding a trident The flame tongue hits the orc priest.
The orc priest is lightly wounded.
You are feeling hungry.
The orc priest barely misses you.
You closely miss the orc priest.
The orc priest is lightly wounded.
The orc priest hits you but does no damage.
The orc priest closely misses you.
The orc priest invokes the aid of Beogh against you.
Beogh smites you!
* * * LOW HITPOINT WARNING * * *
The orc priest shouts!
The orc shouts!
You hear a shout!
You see here a gnoll skeleton.
The orc priest invokes the aid of Beogh against you.
Beogh smites you!
You die...

.......#######.####..............
.......+................#.#(##.##
.......#######.#####.#.......#)##
...............# #.#..#.#......
.............#######.#..#.#....##
..........o.................[...
###.....o...######.#.#..#.##)##
#.........#...(...(..........
#....)..o.g÷@...#..#..####.##
###.#######.....#..#.........
o.'o................#..#...###.##
o.###.#..#####..#####..#.#.......
#.#..# #..# #..#.#....... # #..#
#..# ..#.##.##.## #..# ...#
..#......... #..# ....#
#####.#.## #..# .........#


You could see 2 orc priests and a goblin.

Vanquished Creatures
  8 gnolls
  An adder (D:3)
  A worm (D:3)
  2 dart slugs (D:2)
  5 giant geckos
  6 orcs (D:3)
  2 ball pythons
  6 bats
  A giant cockroach (D:1)
  6 goblins
  5 hobgoblins
  A giant newt (D:2)
  2 kobolds (D:1)
  5 rats
51 creatures vanquished.

Vanquished Creatures (others)
  Terence (D:2)
  A giant gecko (D:2)
  A goblin (D:2)
  A hobgoblin (D:2)
4 creatures vanquished.

Grand Total: 55 creatures vanquished

Notes
Turn   | Place    | Note
-------+----------+-------------------------------------------
     0 | D:1      | JeffiDaFish the Draconian Fire Elementalist began the quest for the Orb.
     0 | D:1      | Reached XP level 1. HP: 14/14 MP: 3/3
    39 | D:1      | Gained mutation: Your spells are a little harder to cast, but a little more powerful. [potion of beneficial mutation]
   213 | D:1      | Reached XP level 2. HP: 19/20 MP: 5/5
   351 | D:1      | Learned a level 2 spell: Throw Flame
   529 | D:1      | Reached XP level 3. HP: 26/26 MP: 4/6
   761 | D:2      | Found a runed door.
   761 | D:2      | Noticed a human
   794 | D:2      | Found a basalt altar of Yredelemnul.
   887 | D:2      | Noticed Terence
   890 | D:2      | Killed Terence
   947 | D:2      | Learned a level 3 spell: Conjure Flame
  1560 | D:3      | Reached XP level 4. HP: 21/34 MP: 8/8
  1564 | D:3      | Reached skill level 1 in Fighting
  1589 | D:3      | Upgraded the game from 0.19-a0-1490-g5dd3618 to 0.19-a0-1494-gdfa627f
  1899 | D:3      | Reached skill level 1 in Short Blades
  1947 | D:3      | Reached XP level 5. HP: 13/40 MP: 3/9
  2329 | D:3      | Killed from afar by an orc priest

Vault maps used:
D:1:      minmay_arrival_cross, minivault_24, st_stairs_1
D:2:      dk_yredelemnul_ordeal, uniq_terence

Skill      XL: |  1  2  3  4 |
---------------+-------------+-----
Stealth        | 2 |  2.5
Dodging        | 2 |  2.7
Fighting       | 1 |  1.2
Short Blades   | 1 |  1.3
Spellcasting   | 3 |  3.0
Conjurations   | |  1.2
Fire Magic     | |  3.5

Action                   |  1- 3 |  4- 6 || total
-------------------------+-------+-------++-------
Melee: Unarmed           |    40 |       ||    40
       Short sword       |    60 |    23 ||    83
       Tailslap          |     7 |     2 ||     9
 Cast: Flame Tongue      |    39 |    15 ||    54
       Throw Flame       |     1 |     4 ||     5
  Use: Potion            |     8 |     1 ||     9
       Scroll            |     8 |       ||     8
 Stab: Sleeping          |     4 |       ||     4
  Eat: Chunk             |     2 |     3 ||     5
Armor: Skin              |    49 |     6 ||    55
Dodge: Dodged            |    96 |    23 ||   119
